 Dungeon Crawl Stone Soup version 0.27-a0-1456-gf5a116941d (webtiles) character file.

Game seed: 568132298536704168

25599 Arzdou the Severer (level 12, -5/113 HPs)
             Began as a Minotaur Berserker on July 6, 2021.
             Was a High Priest of Trog.
             Splashed by an oklob plant's acid (14 damage)
             ... on level 2 of the Lair of Beasts.
             The game lasted 00:32:46 (18049 turns).

Arzdou the Severer (Minotaur Berserker)            Turns: 18049, Time: 00:32:46

Health: -5/113     AC: 15    Str: 22    XL:     12   Next: 90%
Magic:  11/11      EV: 24    Int:  4    God:    Trog [*****.]
Gold:   521        SH:  0    Dex: 15    Spells: 11/11 levels left

rFire    + . .     SeeInvis .   Z - +5 broad axe (vorpal)
rCold    . . .     Faith    .   (no shield)
rNeg     . . .     Spirit   .   G - +0 plate armour {rF+}
rPois    +         Reflect  .   (helmet restricted)
rElec    .         Harm     .   s - +1 cloak
rCorr    .         Rampage  .   M - +2 pair of gloves
Will     .....                  (no boots)
Stlth    ..........             i - amulet of the acrobat
HPRegen  0.28/turn              m - +4 ring of protection
MPRegen  0.12/turn              Y - ring of poison resistance

@: corroded, acrobatic, hasted, studying Fighting, very quick
A: horns 2, retaliatory headbutt
a: Renounce Religion, Berserk, Trog's Hand, Brothers in Arms


You were on level 2 of the Lair of Beasts.
You worshipped Trog.
Trog was extremely pleased with you.
You visited 2 branches of the dungeon, and saw 14 of its levels.

You collected 801 gold pieces.
You spent 280 gold pieces at shops.

Inventory:

Hand Weapons
 a - a +0 hand axe
 E - a +1 war axe of flaming
 O - a +0 war axe of freezing
 Z - a +5 vorpal broad axe (weapon)
Missiles
 j - 3 throwing nets (quivered)
Armour
 f - a +4 ring mail of cold resistance
 o - a +0 scale mail
 s - a +1 cloak (worn)
 x - a +2 leather armour of poison resistance
 G - a +0 plate armour of fire resistance (worn)
 M - a +2 pair of gloves (worn)
Jewellery
 d - a ring of magical power
 i - an amulet of the acrobat (around neck)
 m - a +4 ring of protection (left hand)
 u - a ring of ice
 z - a +4 ring of slaying
 H - an amulet of magic regeneration
 I - a ring of ice
 S - a ring of protection from cold
 X - a +6 ring of intelligence
 Y - a ring of poison resistance (right hand)
Wands
 h - a wand of digging (8)
 v - a wand of paralysis (9)
 w - a wand of iceblast (31)
 D - a wand of flame (10)
 F - a wand of acid (9)
 T - a wand of mindburst (13)
 U - a wand of polymorph (3)
Scrolls
 l - 2 scrolls of fear
 q - a scroll of vulnerability
 t - 8 scrolls of teleportation
 y - a scroll of magic mapping
 B - 2 scrolls of immolation
Potions
 b - 6 potions of curing
 c - a potion of attraction {unknown}
 e - 2 potions of haste
 g - 2 potions of lignification
 k - 4 potions of ambrosia
 n - a potion of degeneration {unknown}
 p - a potion of berserk rage
 r - 4 potions of brilliance
 A - 3 potions of might
 C - 3 potions of mutation {unknown}
 P - 2 potions of flight
 Q - 2 potions of resistance {unknown}
 V - a potion of magic {unknown}
 W - a potion of cancellation {unknown}


   Skills:
 + Level 12.9 Fighting
 + Level 16.3 Axes
 + Level 14.9 Armour
 + Level 5.2 Dodging
 - Level 2.3 Stealth


You had 11 spell levels left.
You didn't know any spells.
Your spell library was empty.

Dungeon Overview and Level Annotations

Branches:
Dungeon (12/15)            Temple (0/1) D:7            Lair (2/6) D:11
    Orc (0/2) D:12
  Swamp: Lair:2-4    Shoals: Lair:2-4     Snake: Lair:2-4    Spider: Lair:2-4

Altars:
Nemelex Xobeh

Shops:
D:5 [   D:11 =

Annotations:
D:6 2 transporters, ma3's ghost, weakling HuDe
D:11 2 transporters, 3 runed translucent doors, gus3d's ghost, journeyman OpVM
Lair:2 exclusion: oklob plant


Innate Abilities, Weirdness & Mutations

You have a pair of horns on your head.
You reflexively headbutt those who attack you in melee.


Message History

Partly explored, can't reach some items and places.
Partly explored, can't reach some items and places.
Really walk into a travel-excluded area? [Y]es or [N]o only, please.
Really walk into a travel-excluded area?
The oklob plant spits acid at you.
The splash of acid hits you but does no damage.
The acid corrodes you!
You are splashed with acid!
The oklob plant spits acid at you. The splash of acid hits you!
You are splashed with acid.
The oklob plant spits acid at you. The splash of acid hits you.
You are splashed with acid!
No reachable target in view!
The oklob plant spits acid at you. The splash of acid hits you.
You are splashed with acid!
You slash the bush!
You headbutt the bush, but do no damage.
The bush is lightly damaged.
You hit the bush but do no damage.
You headbutt the bush, but do no damage.
The bush is lightly damaged.
You slash the bush!
You headbutt the bush, but do no damage.
The bush is moderately damaged.
The oklob plant spits acid at you. The splash of acid hits you.
You are splashed with acid!
The oklob plant spits acid at you.
The splash of acid hits you but does no damage.
The acid corrodes you!
You are splashed with acid!
The oklob plant spits acid at you. The splash of acid hits you.
* * * LOW HITPOINT WARNING * * *
The acid corrodes you!
You are splashed with acid!
* * * LOW HITPOINT WARNING * * *
You feel yourself speed up. The oklob plant spits acid at you.
The splash of acid hits you!
* * * LOW HITPOINT WARNING * * *
The acid corrodes you!
You are splashed with acid!
You die...

## ###...# ##..PPP........##...
.###P##..#####..$PPP(..#.P#####..
..........##P....PPP..##### ##.
...........#......!^.## #.
###..####.............# #. # ####
###........>.## ## #..........P#
##..........## ###......@....#
#P#..........## #............#
##......(....# #P.........##
#.........## ### ##........##
###.# #..........#####P.##
##.P##.####..#......#


You could see an oklob plant.

Vanquished Creatures
  3 hydras
  Fannar (Lair:2)
  3 two-headed ogres
  5 skeletal warriors (D:11)
  A manticore (D:11)
  Maurice (D:10)
  A black mamba (Lair:2)
  4 cane toads
  An unseen horror (D:12)
  A gargoyle (D:12)
  Maggie (Lair:2)
  2 komodo dragons
  A troll (D:10)
  3 slime creatures (D:12)
  Grinder (D:6)
  9 blink frogs (Lair:2)
  A vampire (D:10)
  Sigmund (D:6)
  2 wraiths (D:12)
  5 wyverns
  31 yaks
  3 steam dragons
  Eustachio (D:4)
  2 basilisks
  3 vampire mosquitoes (D:10)
  Menkaure (D:6)
  2 acid dragons
  6 water moccasins
  Duvessa (D:7)
  A hornet zombie (D:6)
  3 orc warriors
  An ice beast (D:7)
  A necrophage (D:6)
  An ogre (D:5)
  6 wolves (Lair:1)
  5 centaurs
  A phantom (D:7)
  A kobold brigand (D:8)
  2 bullfrogs
  A wyvern zombie (D:7)
  4 scorpions
  2 wyvern skeletons
  Dowan (D:7)
  5 killer bees
  4 electric eels
  3 wights (D:6)
  7 howler monkeys
  A bullfrog zombie (D:6)
  3 centaur zombies
  2 jellies
  4 orc priests
  A hound (D:4)
  2 centaur skeletons
  2 bullfrog skeletons
  A gnoll shaman (D:5)
  2 iguanas
  10 orc wizards
  Terence (D:2)
  2 killer bee zombies
  3 gnolls (D:5)
  7 adders
  2 shadow imps
  A white imp (D:5)
  2 worms
  3 dart slugs
  21 orcs
  8 endoplasms
  4 giant cockroaches
  7 goblins
  12 hobgoblins
  14 jackals (D:1)
  2 quokkas
  6 ball pythons
  5 bats
  2 frilled lizards
  12 kobolds
  5 rats
293 creatures vanquished.

Vanquished Creatures (collateral kills)
  An electric eel (D:11)
1 creature vanquished.

Vanquished Creatures (others)
  A bush (D:11)
  4 fungi
  39 plants
44 creatures vanquished.

Grand Total: 338 creatures vanquished

Notes
Turn   | Place    | Note
-------+----------+-------------------------------------------
     0 | D:1      | Arzdou the Minotaur Berserker began the quest for the Orb.
     0 | D:1      | Reached XP level 1. HP: 19/19 MP: 0/0
   357 | D:1      | Reached XP level 2. HP: 27/27 MP: 1/1
   363 | D:1      | Reached skill level 4 in Axes
   526 | D:1      | Reached XP level 3. HP: 33/33 MP: 2/2
   854 | D:1      | Reached ** piety under Trog
  1356 | D:2      | Reached XP level 4. HP: 23/41 MP: 3/3
  1764 | D:2      | Noticed Terence
  1774 | D:2      | Killed Terence
  1775 | D:2      | Reached skill level 5 in Axes
  2240 | D:3      | Found a faded altar of an unknown god.
  2284 | D:3      | Found a sparkling altar of Nemelex Xobeh.
  2831 | D:4      | Reached skill level 1 in Stealth
  2890 | D:4      | Reached XP level 5. HP: 27/47 MP: 4/4
  3107 | D:4      | Reached skill level 6 in Axes
  3231 | D:4      | Reached XP level 6. HP: 33/55 MP: 5/5
  3594 | D:4      | Noticed Eustachio
  3605 | D:4      | Killed Eustachio
  3606 | D:4      | Reached skill level 5 in Fighting
  3708 | D:4      | Reached *** piety under Trog
  4199 | D:5      | Entered Level 5 of the Dungeon
  4205 | D:5      | Reached skill level 7 in Axes
  4205 | D:5      | Reached XP level 7. HP: 53/61 MP: 6/6
  4268 | D:5      | Found Woin's Armour Emporium.
  5248 | D:5      | Reached skill level 5 in Armour
  5630 | D:6      | Reached skill level 8 in Axes
  5679 | D:6      | Found a transporter.
  5679 | D:6      | Identified the +10 dire flail "Q" {vorpal, *Rage rF++ rC+
                  | Dex+2}
  5679 | D:6      | Noticed a two-headed ogre
  5679 | D:6      | Noticed ma3's ghost (weakling HuDe)
  5698 | D:6      | Found a transporter.
  5721 | D:6      | Reached XP level 8. HP: 61/70 MP: 7/7
  5770 | D:6      | Noticed Sigmund
  5775 | D:6      | Killed Sigmund
  5827 | D:6      | Noticed Grinder
  5830 | D:6      | Killed Grinder
  5969 | D:6      | Reached skill level 9 in Axes
  6008 | D:6      | Noticed Menkaure
  6017 | D:6      | Killed Menkaure
  6363 | D:6      | Reached XP level 9. HP: 77/78 MP: 8/8
  6431 | D:6      | Reached skill level 10 in Axes
  7012 | D:7      | Reached **** piety under Trog
  7224 | D:7      | Found a staircase to the Ecumenical Temple.
  7257 | D:7      | Noticed a komodo dragon
  7264 | D:7      | Killed a komodo dragon
  7588 | D:7      | Reached skill level 11 in Axes
  7716 | D:7      | Noticed Dowan
  7720 | D:7      | Killed Dowan
  7720 | D:7      | Noticed Duvessa
  7727 | D:7      | Killed Duvessa
  8547 | D:8      | Reached XP level 10. HP: 88/88 MP: 9/9
  9254 | D:9      | Noticed a two-headed ogre
  9264 | D:9      | Killed a two-headed ogre
  9265 | D:9      | Reached skill level 12 in Axes
  9265 | D:9      | Reached skill level 10 in Armour
  9660 | D:10     | Entered Level 10 of the Dungeon
  9660 | D:10     | Noticed Maurice
  9671 | D:10     | Killed Maurice
 10785 | D:11     | Noticed a two-headed ogre
 10792 | D:11     | Killed a two-headed ogre
 10897 | D:10     | Reached ***** piety under Trog
 10963 | D:11     | Found a transporter.
 10967 | D:11     | Noticed a cyclops
 10969 | D:11     | Noticed a boulder beetle
 10970 | D:11     | Noticed a wolf spider
 10970 | D:11     | Noticed a deep elf pyromancer
 10971 | D:11     | Noticed a yaktaur captain
 10971 | D:11     | Noticed an ettin
 11130 | D:11     | Noticed a five-headed hydra
 11135 | D:11     | Killed a two-headed hydra
 11136 | D:11     | Reached skill level 13 in Axes
 11136 | D:11     | Reached XP level 11. HP: 97/97 MP: 10/10
 11255 | D:11     | Noticed a skeletal warrior
 11261 | D:11     | Killed a skeletal warrior
 11293 | D:11     | Found Beonist's Jewellery Shop.
 11296 | D:11     | Bought a ring of poison resistance for 280 gold pieces
 11375 | D:11     | Noticed a skeletal warrior
 11375 | D:11     | Noticed a skeletal warrior
 11376 | D:11     | Noticed a skeletal warrior
 11385 | D:11     | Killed a skeletal warrior
 11404 | D:11     | Killed a skeletal warrior
 11405 | D:11     | Killed a skeletal warrior
 11405 | D:11     | Received a gift from Trog
 11648 | D:11     | Noticed a skeletal warrior
 11653 | D:11     | Killed a skeletal warrior
 11654 | D:11     | Reached skill level 10 in Fighting
 11782 | D:11     | Noticed a two-headed ogre
 11791 | D:11     | Killed a two-headed ogre
 11792 | D:11     | Reached skill level 5 in Dodging
 11867 | D:11     | Reached skill level 14 in Axes
 11905 | D:11     | Found a staircase to the Lair.
 12533 | D:11     | HP: 2/100 [electric eel/bolt of electricity (5)]
 12791 | D:11     | Identified a scroll of acquirement
 12791 | D:11     | Acquired a manual of Fighting
 13367 | D:11     | Found a transporter.
 13372 | D:11     | Identified the ring "Byub Parr" {Contam rF+ rC+ AC+4 Str+2}
 13375 | D:11     | Identified the ring of Lugonu's Castigation {Drain rN+
                  | Will+++ rCorr Str+2}
 13416 | D:11     | Identified the +6 scale mail "Ymyov" {*Slow Int+3 Dex+3}
 13562 | D:11     | Noticed a minotaur
 13562 | D:11     | Noticed gus3d's ghost (journeyman OpVM)
 13595 | D:11     | Found a runed translucent gate.
 13595 | D:11     | Found a runed translucent gate.
 13595 | D:11     | Found a runed translucent gate.
 14536 | D:12     | Noticed a seven-headed hydra
 14545 | D:12     | Killed a two-headed hydra
 14763 | D:12     | Found a staircase to the Orcish Mines.
 15209 | D:12     | Reached XP level 12. HP: 107/108 MP: 11/11
 15430 | Lair:1   | Entered Level 1 of the Lair of Beasts
 15676 | Lair:1   | Reached skill level 15 in Axes
 16881 | Lair:2   | Noticed Fannar
 16896 | Lair:2   | Killed Fannar
 17314 | Lair:2   | Noticed a four-headed hydra
 17326 | Lair:2   | Killed a one-headed hydra
 17327 | Lair:2   | Reached skill level 16 in Axes
 17545 | Lair:2   | Noticed Maggie
 17553 | Lair:2   | Killed Maggie
 18049 | Lair:2   | Splashed by an oklob plant's acid

Illustrated notes

Levels and vault maps discovered:
D:1:      ebering_trefoil_twist, layout_basic
D:2:      layout_loops_ring, st_stairs_11, uniq_terence
D:3:      layout_loops_ring, nemelex_xobeh_ov_fountains_minmay,
          dilly_ecumenical_altar_fadedgnrine
D:4:      layout_basic, minmay_starry_boxes, uniq_eustachio
D:5:      layout_cave_pods, serial_shops, nicolae_stop_n_shop_1
D:6:      minmay_bubble_buster, layout_basic, gammafunk_ghost_smash,
          chequers_serial_rivers_room_b, grunt_ministairs_1, skrybe_limestone_x,
          minmay_misc_feat_five, st_stairs_6, uniq_sigmund, uniq_menkaure,
          uniq_grinder
D:7:      layout_loops_cross, minmay_temple_entry_fiery, uniq_duvessa
D:8:      layout_loops_cross
D:9:      layout_basic
D:10:     layout_loops_corners, uniq_maurice
D:11:     gammafunk_sealed_arena, layout_basic, minmay_lair_entry_grove,
          maelrawn_ghost_gauntlet_escape, serial_shops, kennysheep_mini,
          minivault_20, minmay_misc_feat_tower
D:12:     layout_long_grid, david_orc_2
Lair:1:   layout_cave_pods, serial_bayou_shore_a
Lair:2:   layout_cave_pods, minmay_lair_oklob_bushes, uniq_fannar, uniq_maggie

Skill      XL: |  1  2  3  4  5  6  7  8  9 10 11 12 |
---------------+-------------------------------------+-----
Fighting       | 4 5 6 8 9 10 12 | 12.9
Axes           | 4 5 6 7 8 9 11 13 14 16 | 16.3
Stealth        | 1 2 |  2.3
Armour         | 3 5 7 9 11 13 14 | 14.9
Dodging        | 3 4 5 |  5.2

Action                   |  1- 3 |  4- 6 |  7- 9 | 10-12 || total
-------------------------+-------+-------+-------+-------++-------
Melee: Hand axe          |    79 |   101 |   149 |       ||   329
       Headbutt          |    12 |    15 |    40 |    95 ||   162
       War axe           |       |       |    63 |   139 ||   202
       Broad axe         |       |       |       |   233 ||   233
Invok: Berserk           |     3 |     4 |    10 |    16 ||    33
       Trog's Hand       |       |       |       |     1 ||     1
       Brothers in Arms  |       |       |       |     1 ||     1
  Use: Scroll            |       |       |     6 |    21 ||    27
       Potion            |       |       |       |     1 ||     1
 Stab: Sleeping          |     3 |       |       |       ||     3
Armor: Animal skin       |     9 |     1 |       |       ||    10
       Scale mail        |       |     8 |    47 |       ||    55
       Ring mail         |       |     3 |       |       ||     3
       Plate armour      |       |       |    22 |   184 ||   206
Dodge: Dodged            |    49 |    54 |   114 |   229 ||   446

Table legend: (Time is in decaauts)
 A = Elapsed time spent in this place.
 B = Non-inter-level travel time spent in this place.
 C = Inter-level travel time spent in this place.
 D = Time resting spent in this place.
 E = Time spent auto-exploring this place.
 F = Levels seen in this place.
 G = Mean time per level.
                   A        B        C        D        E       F      G
               +--------+--------+--------+--------+--------+-----+--------+
         Total |  18326 |  17566 |    760 |   3950 |  11651 |  14 | 1309.0 |
       Dungeon |  15693 |  14954 |    739 |   3528 |   9738 |  12 | 1307.8 |
          Lair |   2633 |   2612 |     21 |    422 |   1912 |   2 | 1316.5 |
               +--------+--------+--------+--------+--------+-----+--------+

Top non-repeatable levels by time:
    D:11: 3625 daAuts
     D:4: 1532 daAuts
  Lair:2: 1459 daAuts
     D:6: 1381 daAuts
     D:5: 1287 daAuts
    D:10: 1272 daAuts
     D:1: 1229 daAuts
  Lair:1: 1174 daAuts
     D:7: 1159 daAuts
    D:12: 968 daAuts
     D:2: 966 daAuts
     D:8: 932 daAuts
     D:3: 699 daAuts
     D:9: 637 daAuts
